 Dungeon Crawl Stone Soup version 0.28.0-43-g3370ac3207 (webtiles) character file.

Game seed: 11686450329744883634

2294 Aristaeus the Ruffian (level 9, -5/83 HPs)
             Began as a Troll Fighter on Mar 15, 2022.
             Was a Believer of Qazlal.
             Slain by a bullfrog (7 damage)
             ... on level 7 of the Dungeon.
             The game lasted 00:42:42 (4944 turns).

Aristaeus the Ruffian (Troll Fighter)               Turns: 4944, Time: 00:42:47

Health: -5/83      AC:  9    Str: 26    XL:     9   Next: 17%
Magic:  7/9        EV: 11    Int:  4    God:    Qazlal [**....]
Gold:   315        SH:  3    Dex: 13    Spells: 2/10 levels left

rFire   . . .      SeeInvis .   v - +0 giant spiked club (spect)
rCold   . . .      Faith    .   (shield currently unavailable)
rNeg    . . .      Spirit   .   a - +1 robe
rPois   .          Reflect  .   (helmet restricted)
rElec   .          Harm     .   (no cloak)
rCorr   .          Rampage  .   (gloves unavailable)
Will    .....                   (boots unavailable)
Stlth   +.........              (no amulet)
HPRegen 1.03/turn               q - ring of wizardry
MPRegen 0.11/turn               y - +4 ring of protection

@: weak-willed
A: large, unfitting armour, claws 3, regeneration 1, shaggy fur 1, tough skin 1
a: Renounce Religion, Upheaval


You were on level 7 of the Dungeon.
You worshipped Qazlal.
Qazlal was pleased with you.
You visited 1 branch of the dungeon, and saw 8 of its levels.

You collected 315 gold pieces.

Inventory:

Hand Weapons
 j - a +0 hunting sling
 v - a +0 spectral giant spiked club (weapon)
 z - a +2 vorpal arbalest
Missiles
 e - 74 sling bullets
 B - 6 silver boomerangs (quivered)
Armour
 a - a +1 robe (worn)
 b - a +0 kite shield
Jewellery
 k - a ring of flight
 q - a ring of wizardry (left claw)
 r - an amulet of magic regeneration
 y - a +4 ring of protection (right claw)
 D - a ring of see invisible
Wands
 t - a wand of polymorph (13)
 x - a wand of digging (11)
Scrolls
 c - a scroll of vulnerability
 n - a scroll of fog
 p - 2 scrolls of magic mapping
Potions
 d - 2 potions of resistance
 f - a potion of invisibility {unknown}
 g - a potion of experience {unknown}
 h - a potion of brilliance {unknown}
 i - a potion of berserk rage {unknown}
 u - a potion of magic {unknown}
 w - a potion of attraction {unknown}
 A - a potion of heal wounds {unknown}


   Skills:
 * Level 3.6 Fighting
 * Level 2.1 Maces & Flails
 * Level 1.6(2.3) Slings
 * Level 0.9 Crossbows
 * Level 3.4(3.8) Throwing
 * Level 2.5 Armour
 * Level 4.3 Dodging
 * Level 1.7 Stealth
 * Level 3.9 Shields
 * Level 4.9 Unarmed Combat
 * Level 1.2 Spellcasting
 * Level 1.2 Conjurations
 * Level 1.3 Fire Magic
 * Level 2.2 Invocations
 * Level 1.2 Evocations


You had 2 spell levels left.
You knew the following spells:

 Your Spells              Type           Power      Damage    Failure   Level
a - Foxfire               Conj/Fire      4%         2x1d4     12%         1
b - Flame Wave            Conj/Fire      1%         2d4       71%         4
c - Conjure Flame         Conj/Fire      1%         6-21      32%         3

Your spell library contained the following spells:

 Spells                   Type           Power      Damage    Failure   Level
 Sublimation of Blood     Necr           0%         N/A       30%         2
 Inner Flame              Hex/Fire       0%         N/A       41%         3
 Petrify                  Tmut/Erth      0%         N/A       87%         4
 Irradiate                Conj/Tmut      0%         3d13      98%         5


Dungeon Overview and Level Annotations

Branches:
Dungeon (8/15)
 Temple: D:4-7         Lair: D:8-11

Altars:
Qazlal
Xom
Zin

Shops:
D:2 (

Annotations:
D:7 Dowan


Innate Abilities, Weirdness & Mutations

You are too large for most types of armour.
You have claws for hands.
Your natural rate of healing is unusually fast.
You are covered in fur. (AC +1)
You have tough skin. (AC +1)


Message History

* * * LOW HITPOINT WARNING * * *
You closely miss Dowan.
The bullfrog gives a loud, deep croak!
Dowan closely misses you. x2; Dowan bites you.
* * * LOW HITPOINT WARNING * * *
You miss Dowan.
Dowan stops to sniff the ground.
Dowan bites you.
* * * LOW HITPOINT WARNING * * *
Dowan bites you.
* * * LOW HITPOINT WARNING * * *
Dowan bites you but does no damage.
You hit Dowan.
Dowan is lightly wounded.
You block Dowan's attack.
The bullfrog hits you but does no damage.
Dowan bites you but does no damage.
The bullfrog hits you but does no damage.
You block Dowan's attack.
You puncture Dowan!
Dowan is severely wounded.
Dowan bites you.
* * * LOW HITPOINT WARNING * * *
The bullfrog hits you but does no damage.
Dowan barely misses you. The bullfrog barely misses you.
Dowan bites you but does no damage.
You closely miss Dowan.
Dowan is heavily wounded.
The bullfrog closely misses you. Dowan bites you but does no damage.
The bullfrog hits you.
* * * LOW HITPOINT WARNING * * *
Dowan barely misses you. The bullfrog barely misses you.
Unknown command.
You puncture the bullfrog!
The bullfrog is severely wounded.
Dowan bites you.
* * * LOW HITPOINT WARNING * * *
The bullfrog completely misses you. Dowan barely misses you.
The bullfrog hits you!
You die...

.#.# ...# ##..#
#..# ...# ..#
#..####...
#>........ .#
#.######.# .# #F#
#.# .# #@# #.# .#
#h# #.# .# #.# #)#
#.# #.#
##.###.###.# #.#
#...........
#.#####..##..###.#
#........##..#
......(.(....###..#
#.#
################..#
#.#


You could see Dowan the wolf and a bullfrog.

Vanquished Creatures
  Prince Ribbit (D:5)
  A steam dragon (D:8)
  A hornet zombie (D:7)
  A black bear (D:6)
  4 ogres
  A centaur (D:4)
  A phantom (D:6)
  2 bullfrogs
  A wyvern zombie (D:8)
  2 electric eels (D:6)
  7 howler monkeys
  2 jellies (D:7)
  2 centaur zombies
  5 hounds
  3 centaur skeletons
  A bullfrog skeleton (D:6)
  An orc priest (D:4)
  2 iguanas (D:4)
  2 orc wizards
  A killer bee zombie (D:6)
  2 hound skeletons
  6 gnolls
  7 adders
  A shadow imp (D:6)
  A white imp (D:7)
  An ufetubus (D:6)
  3 worms (D:2)
  3 dart slugs
  16 orcs
  5 ball pythons
  4 endoplasms
  2 giant cockroaches
  10 goblins
  8 hobgoblins
  3 jackals (D:1)
  6 kobolds
  5 quokkas
  2 bats (D:2)
  3 frilled lizards
  6 rats
  3 foxfires (D:6)
138 creatures vanquished.

Vanquished Creatures (others)
  25 foxfires
  13 fungi (D:6)
  19 plants (D:6)
57 creatures vanquished.

Grand Total: 195 creatures vanquished

Notes
Turn   | Place    | Note
-------+----------+-------------------------------------------
     0 | D:1      | Aristaeus the Troll Fighter began the quest for the Orb.
     0 | D:1      | Reached XP level 1. HP: 22/22 MP: 0/0
   114 | D:1      | Reached XP level 2. HP: 26/29 MP: 1/1
   368 | D:1      | Reached XP level 3. HP: 33/36 MP: 2/2
   391 | D:1      | Found a faded altar of an unknown god.
   406 | D:1      | Prayed at the altar of an unknown god.
   406 | D:1      | Became a worshipper of Qazlal Stormbringer
   406 | D:1      | Reached * piety under Qazlal
   766 | D:2      | Reached ** piety under Qazlal
   799 | D:2      | Reached XP level 4. HP: 33/44 MP: 3/3
   952 | D:2      | Found Xoig's Antique Weapon Shoppe.
  1628 | D:4      | Reached XP level 5. HP: 52/52 MP: 4/4
  1628 | D:4      | Noticed an ogre
  1633 | D:4      | Killed an ogre
  1634 | D:4      | Reached skill level 1 in Armour
  1671 | D:4      | Noticed an ogre
  1683 | D:4      | Killed an ogre
  1684 | D:4      | Reached skill level 1 in Throwing
  1684 | D:4      | Reached XP level 6. HP: 39/61 MP: 1/5
  1685 | D:4      | Reached skill level 1 in Stealth
  1873 | D:4      | Reached skill level 1 in Invocations
  2424 | D:4      | Learned a level 1 spell: Foxfire
  2429 | D:4      | Learned a level 4 spell: Flame Wave
  2476 | D:5      | Entered Level 5 of the Dungeon
  2476 | D:5      | Noticed Prince Ribbit
  2510 | D:5      | Killed Prince Ribbit
  2511 | D:5      | Reached XP level 7. HP: 37/67 MP: 5/7
  2547 | D:5      | Reached skill level 1 in Slings
  2571 | D:5      | Found a glowing silver altar of Zin.
  3054 | D:5      | Reached XP level 8. HP: 75/75 MP: 8/8
  3696 | D:6      | Reached skill level 1 in Fire Magic
  3812 | D:6      | Reached skill level 1 in Spellcasting
  3820 | D:6      | Learned a level 3 spell: Conjure Flame
  3981 | D:6      | Found a shimmering altar of Xom.
  4003 | D:6      | You fall into a shaft and drop 2 floors!
  4034 | D:8      | Reached skill level 1 in Maces & Flails
  4034 | D:8      | Reached skill level 1 in Conjurations
  4034 | D:8      | Reached skill level 1 in Evocations
  4599 | D:7      | Reached XP level 9. HP: 83/83 MP: 9/9
  4900 | D:7      | Noticed Dowan
  4908 | D:7      | Noticed Duvessa
  4917 | D:7      | Noticed Duvessa
  4917 | D:7      | Duvessa changed into Duvessa the howler monkey
  4917 | D:7      | Killed Duvessa the howler monkey
  4920 | D:7      | Noticed Dowan
  4920 | D:7      | Dowan changed into Dowan the wolf
  4943 | D:7      | HP: 4/83 [bullfrog (5)]
  4944 | D:7      | Slain by a bullfrog

Illustrated notes

Levels and vault maps discovered:
D:1:      eino_arrival_cavern_b, layout_basic,
          dreamdust_ecumenical_altar_statues
D:2:      layout_rooms, serial_shops, nicolae_shop_waterfront
D:3:      layout_rooms, grunt_decor_cap
D:4:      minmay_door_path, layout_basic, st_stairs_10, minmay_circle_x
D:5:      layout_loops_ring, old_standard_altar, nicolae_figureground_pulse,
          uniq_prince_ribbit1
D:6:      layout_gridville, mainiacjoe_overflow_cross_hatched, serial_bayou,
          serial_bayou_pond_e, serial_bayou_pond_e, serial_bayou_shore_a,
          serial_bayou_crossing, kennysheep_generic_room_16
D:7:      layout_loops_ring, minmay_temple_entry_crystal_x,
          doesnt_shop_hydraphobe, uniq_duvessa
D:8:      layout_basic, uniq_maggie, uniq_erica, uniq_pikel

Skill      XL: |  1  2  3  4  5  6  7  8  9 |
---------------+----------------------------+-----
Dodging        | 3 4 |  4.3
Unarmed Combat | 3 4 |  4.9
Armour         | 1 2 |  2.5
Shields        | 3 |  3.9
Fighting       | 3 |  3.6
Throwing       | 1 2 3 |  3.4
Stealth        | 1 |  1.7
Invocations    | 1 2 |  2.2
Slings         | 1 |  1.6
Fire Magic     | 1 |  1.3
Spellcasting   | 1 |  1.2
Maces & Flails | 1 2 |  2.1
Conjurations   | 1 |  1.2
Evocations     | 1 |  1.2
Crossbows      | |  0.9

Action                   |  1- 3 |  4- 6 |  7- 9 || total
-------------------------+-------+-------+-------++-------
Melee: Unarmed           |   102 |    76 |    82 ||   260
       Giant spiked club |       |       |   105 ||   105
 Fire: Hunting sling     |       |     8 |    13 ||    21
Throw: Boomerang         |       |    59 |    51 ||   110
 Cast: Foxfire           |       |       |    15 ||    15
       Conjure Flame     |       |       |     4 ||     4
Invok: Upheaval          |       |     2 |     7 ||     9
Evoke: Wand              |       |     1 |     6 ||     7
  Use: Scroll            |     1 |     2 |     6 ||     9
       Potion            |       |     2 |     6 ||     8
Armor: Robe              |    49 |     9 |   155 ||   213
Dodge: Dodged            |    66 |    33 |   183 ||   282
Block: Kite shield       |    50 |    52 |    66 ||   168
       Other             |       |       |    23 ||    23
